← All builds
Front / Cortex / Economy first / OBSERVED BUILD

Standard front

Cortex Front build order · Supreme Isthmus

Standard economy-first Front play: Bot Lab immediately, Advanced Metal Extractor around 9:23, then a mixed Thug/Grunt/Aggravator army sent up to defend the wider gap and move to middle as a line.

#eco #team support · 445 distinct matches · 138 players · 65% of Cortex Front games · team won 50% of 462 · Recently observed

HOW TO PLAY IT

Key timing: Bot Lab by 0:40

  1. Open 2 mex into early Bot Lab.
  2. Finish Bot Lab and start Thug, Grunt, Aggravator mix.
  3. Send first units to coast to stop leaks, not straight to mid.
  4. Transition into Advanced Metal Extractor as eco scales.
  5. Move units up as a line toward middle to hold the wider gap.

Phase by phase

TYPICAL OF ITS 445 GAMES
  1. 1
  2. 2
  3. 3
PLAY THE OPENING

Follow the example game's first 6:00 step by step: what to build now, what comes next, and where it goes. At 1× it keeps pace with your own game.

  1. 1

    Up to the Bot Lab

    Economy
    • Metal Extractor2Mex
    Order
    1. Bot LabBot Lab after 2 mexdone ~0:40, middle half 0:34–0:46

    Some games also: wind (41%)

    By 0:23 in all: 2 mex

    The example game in this phase · 2 steps
    1. Mex ×2
    2. Bot LabBot Labdone 0:37 · typical 0:40
  2. 2

    Bot Lab to 5:00

    Economy
    • Metal Extractor4Mex
    • Wind Turbine4Wind
    Builders
    • Construction Bot3 Con bot
    • Graverobber2 Graverobber
    Army
    • Guard2 Guard
    • Thug9 Thug
    • Aggravator5 Aggravator
    • Grunt4 Grunt

    Some games also: con turret (45%) · Radar Tower (35%)

    By 5:00 in all: 6 mex · 5 wind

    The example game in this phase · 35 steps
    1. Mex
    2. GruntGrunt
    3. Wind
    4. GruntGrunt ×2
    5. GraverobberGraverobber
    6. Construction BotCon bot ×2
    7. AggravatorAggravator ×2
    8. GruntGrunt
    9. Mex
    10. GruntGrunt
    11. Mex
    12. AggravatorAggravator ×3
    13. Mex
    14. AggravatorAggravator
    15. GuardGuard
    16. Construction BotCon bot
    17. GuardGuard
    18. AggravatorAggravator
    19. Twin GuardTwin Guard
    20. AggravatorAggravator
    21. Wind
    22. AggravatorAggravator
    23. Twin GuardTwin Guard
    24. AggravatorAggravator
    25. Wind
    26. AggravatorAggravator ×2
    27. Wind
    28. AggravatorAggravator
    29. Twin GuardTwin Guard
    30. AggravatorAggravator
    31. Wind
    32. AggravatorAggravator
    33. Twin GuardTwin Guard
    34. AggravatorAggravator
    35. Wind
  3. 3

    5:00 to 10:00

    Economy
    • Metal Extractor1Mex
    • Wind Turbine17Wind
    Builders
    • Construction Turret2 Con turret
    • Graverobber2 Graverobber
    • Construction Bot1 Con bot
    Army
    • Guard1 Guard
    • Grunt8 Grunt
    • Thug4 Thug
    • Aggravator1 Aggravator

    Some games also: Radar Tower (43%) · converter (36%) · energy storage (36%) · Twin Guard (33%) · eat Bot Lab (37%)

    By 10:00 in all: 7 mex · 24 wind · 3 con turret

    The example game in this phase · 89 steps
    1. AggravatorAggravator ×2
    2. Wind
    3. Mex
    4. AggravatorAggravator ×2
    5. Wind
    6. Con turret
    7. AggravatorAggravator ×2
    8. Con turret
    9. Wind
    10. AggravatorAggravator ×2
    11. Wind
    12. AggravatorAggravator ×2
    13. Advanced solar
    14. Wind
    15. Bot LabBot Labdone 7:00
    16. Construction BotCon bot
    17. Wind
    18. AggravatorAggravator ×3
    19. Wind
    20. AggravatorAggravator
    21. Construction BotCon bot
    22. AggravatorAggravator
    23. WardenWarden
    24. Wind
    25. AggravatorAggravator ×2
    26. Construction BotCon bot
    27. Wind
    28. CastroCastro
    29. AggravatorAggravator
    30. Advanced solar
    31. Wind
    32. GraverobberGraverobber
    33. Wind
    34. GraverobberGraverobber
    35. AgitatorAgitatordone 9:34
    36. Con turret
    37. Wind
    38. Con turret
    39. GraverobberGraverobber
    40. ThugThug
    41. Wind
    42. ThugThug ×3
    43. Wind
    44. ThugThug ×2
    45. Wind
    46. ThugThug ×3
    47. Wind
    48. ThugThug ×3
    49. Wind
    50. ThugThug ×3
    51. Wind
    52. ThugThug ×4
    53. Wind
    54. ThugThug ×4
    55. Wind
    56. Mex
    57. ThugThug
    58. Wind
    59. GraverobberGraverobber ×3
    60. Wind
    61. GraverobberGraverobber
    62. Wind
    63. GraverobberGraverobber
    64. Wind
    65. Con turret
    66. Wind
    67. ThugThug
    68. Con turret
    69. ThugThug
    70. Wind
    71. ThugThug ×3
    72. Wind
    73. ThugThug ×4
    74. Wind
    75. ThugThug ×6
    76. Wind
    77. ThugThug ×4
    78. Wind
    79. Vehicle PlantVehicle Plantdone 13:55
    80. ThugThug
    81. Vehicle PlantVehicle Plantdone 14:03
    82. ThugThug
    83. Wind
    84. ThugThug ×4
    85. IncisorIncisor ×2
    86. Wind
    87. IncisorIncisor
    88. Wind
    89. IncisorIncisor ×8

Counts are medians over the build's games: half of them build more, half fewer. The example game is MarcoRalseks's (35 OS, 18/09/2026); pick another.

Team trades

IN AT LEAST 30% OF ITS GAMES

You hand over

Nothing regular.

You get

  • Tidal Generator4 Tidal from Pondfirst at 0:17 · in 64% of games
  • Advanced Construction Bot1 T2 con bot from Geo or Techfirst at 7:46 · in 62% of games

How it plays out

Typical game of this build, running totals by minute

Metal produced

010k20k30k
0:005:0010:0015:00

metal

Enemy metal destroyed

02.5k5k7.5k
0:005:0010:0015:00

metal

Own metal lost

05k10k
0:005:0010:0015:00

metal

462 games.

Show as table
ByMetal produced: This buildEnemy metal destroyed: This buildOwn metal lost: This build
1:0033100
2:0085400
3:00162510186
4:002704386341
5:003848916838
6:00509915851559
7:00638823642474
8:00771130943385
9:00914237694271
10:001074145005077
11:001262251885987
12:001450856906925
13:001681462067650
14:001896966488566
15:002060472399349
WHAT THE NUMBERS SAY

Standard front play wins less than half its games, with losses slightly outpacing kills through the first 15 minutes.

  • + Kills reach 7200 by 15:00 despite the safer starting position.
  • + T2 constructor reached in 85% of games, solid tech follow-through.
  • − Team wins under half of games (45%), the weakest shown here.
  • − Own metal lost (9484) exceeds enemy metal destroyed (7200) by 15:00.
THE EXAMPLE YOU ARE READING

MarcoRalseks

34.7 OS · 18/09/2026

Open source match ↗

16 received units · includes a constructor
122 metal received · 10816 energy received

Allied construction assistance is unknown. Timings are observations, not a promise of solo reproducibility.

Typical milestones

Bot Lab0:40Middle 50%: 0:34–0:46 · n=449
Advanced Metal Extractor9:24Middle 50%: 8:19–10:45 · n=340

Played most by

iLike2Eco31games of this buildTheGeneraI27games of this buildSauceDispenser27games of this buildwatermeloans19games of this buildHummell15games of this build